 Dungeon Crawl Stone Soup version 0.28.0 (webtiles) character file.

Game seed: 2786556590672719638

7 inmateoo the Grasshopper (level 1, -1/12 HPs)
             Began as a Deep Elf Warper on Feb 17, 2022.
             Slain by a kobold (3 damage)
             ... on level 1 of the Dungeon.
             The game lasted 00:00:56 (686 turns).

inmateoo the Grasshopper (Deep Elf Warper)           Turns: 686, Time: 00:00:56

Health: -1/12      AC:  3    Str:  8    XL:     1   Next: 83%
Magic:  6/6        EV: 12    Int: 17    God:
Gold:   10         SH:  0    Dex: 14    Spells: 6/6 levels left

rFire   . . .      SeeInvis .   a - +0 falchion
rCold   . . .      Faith    .   (no shield)
rNeg    . . .      Spirit   .   b - +0 leather armour
rPois   .          Reflect  .   (no helmet)
rElec   .          Harm     .   (no cloak)
rCorr   .          Rampage  .   (no gloves)
Will    .....                   (no boots)
Stlth   +.........              (no amulet)
HPRegen 0.04/turn               (no ring)
MPRegen 0.10/turn               (no ring)

@: no status effects
A: no striking features
a: no special abilities


You were on level 1 of the Dungeon.
You visited 1 branch of the dungeon, and saw 1 of its levels.

You collected 10 gold pieces.

Inventory:

Hand Weapons
 a - a +0 falchion (weapon)
Missiles
 d - 5 boomerangs of dispersal (quivered)
Armour
 b - a +0 leather armour (worn)
Scrolls
 c - a scroll of blinking
 e - a scroll of teleportation {unknown}
 f - 2 scrolls of fog {unknown}
 g - 2 scrolls of immolation {unknown}


   Skills:
 + Level 1.8 Fighting
 * Level 2.2 Long Blades
 - Level 1.0 Throwing
 - Level 0.7 Armour
 - Level 2.4 Dodging
 - Level 3.0 Spellcasting
 - Level 3.2 Translocations


You had 6 spell levels left.
You didn't know any spells.
Your spell library contained the following spells:

 Spells                   Type           Power      Damage    Failure   Level
 Blink                    Tloc           26%        N/A       10%         2
 Gell's Gravitas          Tloc           13%        N/A       19%         3
 Lesser Beckoning         Tloc           13%        N/A       19%         3
 Teleport Other           Tloc           13%        N/A       19%         3
 Manifold Assault         Tloc           13%        N/A       87%         5


Dungeon Overview and Level Annotations

Branches:
Dungeon (1/15)

Altars:


Message History

A ball python comes into view.
The frilled lizard bites you but does no damage.
The ball python moves out of view.
You slash the frilled lizard!
You kill the frilled lizard!
No target in view!
Found a robe.
You see here a +0 robe.
A kobold comes into view. It is wielding a +0 club.
The kobold shouts!
You hit the kobold but do no damage. The kobold hits you but does no damage.
You completely miss the kobold. The kobold hits you but does no damage.
You hit the kobold.
The kobold is moderately wounded.
The kobold closely misses you.
You closely miss the kobold.
The kobold is moderately wounded.
The kobold closely misses you.
You hit the kobold but do no damage.
The kobold is moderately wounded.
The kobold hits you with a +0 club. x2
You hit the kobold but do no damage.
The kobold is moderately wounded.
The kobold barely misses you.
You miss the kobold.
The kobold is moderately wounded.
The kobold hits you with a +0 club.
You are too injured to fight recklessly!
You barely miss the kobold.
The kobold is moderately wounded.
The kobold completely misses you.
You barely miss the kobold.
The kobold is moderately wounded.
The kobold hits you with a +0 club.
* * * LOW HITPOINT WARNING * * *
You barely miss the kobold.
The kobold is moderately wounded.
The kobold closely misses you. The kobold hits you with a +0 club.
You die...

#.# #####.#####
..........#####
###.#####.#...#
#.##...[....# #####
#.##.##.#...#
####.$....
#.##.##.#.#.###.......#
#........###.##K##.##.#
##......## ##.@....#
#.#.##..# #.##.####
#.#.##.#.#.# #...
#.#....##.# #####
#.#.## #.# ...#. # ..#
# .#. .# #


You could see a kobold.

Vanquished Creatures
  An endoplasm (D:1)
  A hobgoblin (D:1)
  2 bats (D:1)
  A frilled lizard (D:1)
  A kobold (D:1)
  2 rats (D:1)
8 creatures vanquished.

Notes
Turn   | Place    | Note
-------+----------+-------------------------------------------
     0 | D:1      | inmateoo the Deep Elf Warper began the quest for the Orb.
     0 | D:1      | Reached XP level 1. HP: 12/12 MP: 6/6
   686 | D:1      | Slain by a kobold

Illustrated notes

Levels and vault maps discovered:
D:1:      psy_arrival_basics, layout_loops_cross, st_stairs_8,
          minmay_pentomino_r2

Skill      XL: |  1 |
---------------+----+-----
Long Blades    | 2 |  2.2
Fighting       | |  1.8
Throwing       | |  1.0
Armour         | |  0.7
Dodging        | |  2.4
Spellcasting   | |  3.0
Translocations | |  3.2

Action                   || total
-------------------------++-------
Melee: Falchion          ||    50
       Punch             ||     1
Armor: Leather armour    ||    19
Dodge: Dodged            ||    51
